 Dungeon Crawl Stone Soup version 0.30-a0-322-g102857c98e (webtiles) character file.

Game seed: 14674449969061722193

194873 purpskrrrp the Executioner (level 17, -11/166 (176) HPs)
             Began as a Minotaur Fighter on Oct 27, 2022.
             Was the Champion of Ru.
             Mangled by an emperor scorpion (14 damage)
             ... on level 4 of the Spider Nest.
             The game lasted 01:45:17 (39041 turns).

purpskrrrp the Executioner (Minotaur Fighter)      Turns: 39041, Time: 01:45:18

HP:   -11/166 (176) AC: 37    Str: 40    XL:     17   Next: 69%
MP:   11/16         EV: 14    Int:  4    God:    Ru [******]
Gold: 3558          SH: 18    Dex: 16    Spells: 16/16 levels left

rFire   + . .      SeeInvis +    b - +0 broad axe
rCold   . . .      Faith    .    C - +4 kite shield {AC+3}
rNeg    + . .      Spirit   .    d - +10 plate armour "Wouzxyzi" {rF+ rN+ Will- Dex+2}
rPois   .          Reflect  .    X - +0 mask of the Dragon {Will+ Slay+3 SInv}
rElec   .          Harm     .    a - +1 cloak {rCorr}
rCorr   +          Rampage  .    M - +0 pair of gloves
Will    .....                    E - +2 pair of boots
Stlth   ..........               O - amulet of the acrobat
HPRegen 0.47/turn                L - +6 ring of strength
MPRegen 0.15/turn                h - +6 ring of strength

@: exhausted, drained, unable to drink
A: horns 2, inability to drink after injury 2, hated by all, no conjurations
magic, no earth magic, no transmutations magic, weak-willed 1, retaliatory
headbutt, agile 1, robust 1
}: 1/15 runes: barnacled
a: Renounce Religion, Draw Out Power, Power Leap, Apocalypse


You were on level 4 of the Spider Nest.
You worshipped Ru.
Ru was exalted by your worship.
You visited 5 branches of the dungeon, and saw 30 of its levels.
You also visited: Sewer.

You collected 4016 gold pieces.
You spent 458 gold pieces at shops.

Inventory:

Hand Weapons
 b - a +0 broad axe (weapon)
 x - the +8 whip "Peshrif" {elec, rF++ rC- rN+}
   (You found it on level 6 of the Dungeon)

   It occasionally discharges a powerful burst of electricity upon striking a
   foe.
   rF:        It greatly protects you from fire.
   rC:        It makes you vulnerable to cold.
   rN:        It protects you from negative energy.
Missiles
 n - 4 throwing nets
 D - 8 boomerangs of dispersal (quivered)
 F - 16 silver javelins
Armour
 a - a +1 cloak of preservation (worn)
 d - the +10 plate armour "Wouzxyzi" (worn) {rF+ rN+ Will- Dex+2}
   (You acquired it on level 2 of the Spider Nest)

   Dex:       It affects your dexterity (+2).
   rF:        It protects you from fire.
   rN:        It protects you from negative energy.
   Will:      It decreases your willpower.
 q - +3 storm dragon scales {Bai Suzhen}
 C - a +4 kite shield of protection (worn)
 E - a +2 pair of boots (worn)
 H - the +3 robe of Clouds {*Thunder rCloud rElec}
   (You found it on level 4 of the Shoals)

   It occasionally creates storm clouds above nearby enemies.
   It grants its wearer immunity to clouds.
   rElec:     It insulates you from electricity.
 M - a +0 pair of gloves (worn)
 X - the +0 mask of the Dragon (worn) {Will+ Slay+3 SInv}
   (You found it on level 4 of the Lair of Beasts)

   Slay:      It affects your accuracy & damage with ranged weapons and melee
   (+3).
   SInv:      It lets you see invisible.
   Will:      It increases your willpower.
Jewellery
 g - a ring of flight
 h - a +6 ring of strength (right hand)
 r - a ring of poison resistance
 v - an amulet of guardian spirit
 L - a +6 ring of strength (left hand)
 O - an amulet of the acrobat (around neck)
 Q - an amulet of reflection
Wands
 i - a wand of polymorph (27)
 B - a wand of acid (5)
 I - a wand of flame (35)
 K - a wand of paralysis (7)
 V - a wand of roots (3)
Scrolls
 j - 13 scrolls of identify
 l - 3 scrolls of fog
 m - 11 scrolls of teleportation
 G - 4 scrolls of poison
 P - 8 scrolls of magic mapping
 S - a scroll of enchant weapon
 Z - a scroll of brand weapon {unknown}
Potions
 c - 5 potions of might
 e - 5 potions of berserk rage
 f - 6 potions of invisibility
 o - 9 potions of resistance
 s - 6 potions of ambrosia
 t - 7 potions of lignification
 u - 9 potions of haste
 w - 4 potions of mutation
 z - a potion of flight
 A - 10 potions of curing
 T - 2 potions of cancellation
 U - 2 potions of heal wounds


   Skills:
 + Level 16.6 Fighting
 * Level 25.1 Axes
 - Level 14.3 Armour
 + Level 12.3 Dodging
 - Level 15.7 Shields


You had 16 spell levels left.
You didn't know any spells.
Your spell library contained the following spells:

 Spells                   Type           Power      Damage    Failure   Level
 Blink                    Tloc           0%         N/A       99%         2
 Cigotuvi's Dreadful Rot  Necr/Pois/Air  0%         N/A       99%         2
 Poisonous Vapours        Pois/Air       0%         N/A       99%         2
 Sublimation of Blood     Necr           0%         N/A       99%         2
 Frozen Ramparts          Ice            0%         1d1       100%        3
 Kindle Blastsparks       Fire/Tloc/Air  0%         2d10      100%        3
 Lesser Beckoning         Tloc           0%         N/A       100%        3
 Ozocubu's Armour         Ice            0%         N/A       100%        3
 Portal Projectile        Hex/Tloc       0%         N/A       100%        3
 Airstrike                Air            0%         2d(0-16)  100%        4
 Anguish                  Hex/Necr       0%         N/A       100%        4
 Cause Fear               Hex            0%         N/A       100%        4
 Olgreb's Toxic Radiance  Pois           0%         N/A       100%        4
 Passage of Golubria      Tloc           0%         N/A       100%        4
 Metabolic Englaciation   Hex/Ice        0%         N/A       100%        5
 Enfeeble                 Hex            0%         N/A       100%        7
 Sting                    Tmut/Pois      Unusable   1d3       N/A         1
 Momentum Strike          Conj/Tloc      Unusable   3d8       N/A         2
 Wereblood                Tmut           Unusable   N/A       N/A         2
 Mephitic Cloud           Conj/Pois/Air  Unusable   N/A       N/A         3
 Tukima's Dance           Hex            Unusable   N/A       N/A         3
 Fulminant Prism          Conj/Hex       Unusable   3d6       N/A         4
 Ice Form                 Ice/Tmut       Unusable   N/A       N/A         4
 Iskenderun's Mystic Bla  Conj/Tloc      Unusable   2d3       N/A         4
 Summon Ice Beast         Ice/Summ       Unusable   N/A       N/A         4
 Summon Lightning Spire   Summ/Air       Unusable   N/A       N/A         4
 Blade Hands              Tmut           Unusable   N/A       N/A         5
 Lee's Rapid Deconstruct  Erth           Unusable   3d4*      N/A         5
 Lightning Bolt           Conj/Air       Unusable   1d11      N/A         5
 Summon Forest            Summ/Tloc      Unusable   N/A       N/A         5
 Summon Mana Viper        Hex/Summ       Unusable   N/A       N/A         5
 Yara's Violent Unravell  Hex/Tmut       Unusable   3d3       N/A         5
 Simulacrum               Ice/Necr       Unusable   N/A       N/A         6
 Summon Cactus Giant      Summ           Unusable   N/A       N/A         6
 Dragon Form              Tmut           Unusable   N/A       N/A         7
 Summon Hydra             Summ           Unusable   N/A       N/A         7
 Dragon's Call            Summ           Unusable   N/A       N/A         9

Dungeon Overview and Level Annotations

Branches:
Dungeon (15/15)            Temple (0/1) D:6            Lair (5/5) D:10
 Shoals (4/4) Lair:3       Spider (4/4) Lair:2        Slime (0/5) Lair:4
    Orc (2/2) D:9             Elf (0/3) Orc:2        Vaults (0/5) D:13
 Depths (0/4) D:15          Sewer (visited)

Altars:
Cheibriados
Dithmenos
Gozag
Kikubaaqudgha
Makhleb
Nemelex Xobeh
Ru

Shops:
D:10 *   Orc:1 ?   Orc:2 ([=*   Shoals:2 !

Portals:
Trove: D:13 (give 5 scrolls of blinking)

Annotations:
D:3 1 runed translucent door, Darkkill's ghost, amateur MiHu


Innate Abilities, Weirdness & Mutations

You have a pair of horns on your head.
You sometimes lose the ability to drink potions when taking damage.
You are hated by all.
You cannot study or cast Conjurations magic.
You cannot study or cast Earth magic.
You cannot study or cast Transmutations magic.
You are slightly weak-willed. (Will-)
You reflexively headbutt those who attack you in melee.
You are agile. (Dex +4, Str/Int -1)
You are robust. (+10% HP)


Message History

You kill the spark wasp!
The wolf spider is engulfed in poison gas.
The wolf spider looks even sicker.
The meliai calls upon its god to heal the meliai.
The meliai's wounds heal themselves!
The demonic crawler completely misses you.
The demonic crawler hits you but does no damage. x2
You hear a faint skittering sound.
You barely miss the demonic crawler.
The demonic crawler is almost dead.
The sun moth looks more healthy.
The culicivora simulacrum is healed somewhat.
The meliai begins to pray, but is stunned by your conviction!
The sun moth begins to attack, but is stunned by your conviction!
You redirect the demonic crawler's attack!
You block the demonic crawler's attack. x3
The culicivora simulacrum is healed somewhat.
You hit the demonic crawler but do no damage.
The demonic crawler is almost dead.
The meliai mumbles some strange prayers to its god against you.
Something smites you!
* * * LOW HITPOINT WARNING * * *
You focus your inner power and illuminate the meliai in retribution!
The demonic crawler shrieks in warning!
You slice the demonic crawler!!
You kill the demonic crawler!
The meliai calls down the wrath of its god upon you.
Something smites you!
* * * LOW HITPOINT WARNING * * *
You focus your inner power and blind the meliai in retribution!
The meliai begins to pray, but is stunned by your conviction!
Okay, then.
Okay, then.
Throw: 9 boomerangs (disperse)
Press: ? - help, Q - select action, (/) - cycle Shift-Dir - straight line, f - emperor scorpion
Aim: an emperor scorpion (79% to hit)
You throw a boomerang of dispersal.
The boomerang of dispersal hits the emperor scorpion but does no damage.
The emperor scorpion stings you!
You die...

^#<. ...~...##y..#.#.........
.... ..^#.....#.......^....#.
..... ..^~...ss^..††....^...).
.....##..^.Zsy...^^......^..#.
##......#.#syss.^^#^°^^~^...^^
......#.# #Zs)####°##...^^.^~^
#....^..####y^#~^~..^..~~~~.~^
.^......†.†.##s○...○..........
#^.........#^@°.°.....#.......
....#.#...###.○#.°°.○.....##..
.#.....#### ##°..#....^#......
.B.#.. ...^...○. .#....#
....### ...#^°.°. ..#... ...
###...... ...... ## ..°°.
#.... ..#^. ..#.# ..^#.


You could see an emperor scorpion.

Vanquished Creatures
  Bai Suzhen (Shoals:3)
  Nikola (Shoals:2)
  Jorgrun (Spider:3)
  2 krakens
  A sphinx (Shoals:4)
  Kirke (Spider:1)
  2 emperor scorpions (Spider:4)
  5 ghost moths
  A broodmother (Spider:1)
  2 stone giants
  4 minotaurs
  2 spark wasps (Spider:4)
  6 entropy weavers
  2 merfolk impalers
  3 ettins (Orc:2)
  3 merfolk javelineers
  A rakshasa (D:15)
  An alligator snapping turtle (Shoals:3)
  8 vault guards (D:13)
  2 hydras (D:15)
  2 ogre magi
  6 merfolk avatars
  2 boulder beetles
  5 centaur warriors
  9 two-headed ogres
  6 tengu warriors
  A death scarab (Spider:4)
  8 satyrs (Shoals:4)
  Urug (Lair:2)
  3 merfolk aquamancers
  4 skeletal warriors (D:15)
  9 sea snakes
  Amaemon (Lair:2)
  8 pharaoh ants
  2 sun moths
  A goliath frog (Shoals:3)
  2 steelbarb worms (Spider:4)
  5 orb spiders
  A wizard (D:15)
  15 ugly things
  20 harpies
  4 orc knights
  2 deep elf zephyrmancers (Orc:1)
  3 deep elf pyromancers (D:14)
  13 wolf spiders
  18 manticores
  An orc sorcerer (Orc:2)
  14 cyclopes
  8 fauns
  4 merfolk sirens
  3 moths of wrath
  3 black mambas
  6 elephants (Lair:5)
  5 water nymphs
  3 torpor snails
  An orange demon (Lair:2)
  A gargoyle (D:12)
  Maggie (Lair:2)
  3 kobold demonologists (D:11)
  11 cane toads
  3 rime drakes
  2 unseen horrors
  8 demonic crawlers
  A freezing wraith (D:15)
  6 komodo dragons
  An efreet (D:10)
  2 tengu conjurers (D:15)
  5 meliai
  A queen bee (Lair:2)
  6 trolls
  21 merfolk
  2 polar bears (Lair:5)
  22 tarantellas
  9 wind drakes
  A hornet (Lair:5)
  12 snapping turtles
  11 blink frogs
  8 slime creatures
  4 dream sheep (Shoals:1)
  14 water elementals
  25 culicivoras
  2 shadows
  18 jumping spiders
  Sigmund (D:4)
  A vampire (D:11)
  23 yaks
  2 wraiths
  A yak (shapeshifter) (D:15)
  3 wyverns
  6 basilisks
  4 hogs (Spider:1)
  53 redbacks
  6 vampire mosquitoes
  3 steam dragons
  3 humans (Spider:1)
  5 wargs
  3 acid dragons
  9 water moccasins
  A swamp drake (Orc:1)
  An ice beast (D:6)
  A sky beast (D:7)
  4 black bears
  5 ogres
  22 orc warriors
  5 wolves
  13 centaurs
  Blork the orc (D:6)
  6 kobold brigands
  8 bullfrogs
  4 scorpions
  A gnoll sergeant (D:5)
  2 necrophages (D:6)
  5 wights (D:10)
  A hornet simulacrum (D:14)
  15 killer bees (Lair:2)
  5 electric eels
  5 howler monkeys
  A crimson imp (Orc:1)
  4 jellies
  8 hounds
  10 orc priests
  A gnoll bouda (D:5)
  2 iron imps
  An iguana (D:6)
  24 orc wizards
  20 gnolls
  11 adders
  3 river rats (Sewer)
  A shadow imp (Orc:1)
  3 white imps
  2 ufetubi
  3 worms
  A dart slug (D:1)
  72 orcs
  8 bats
  6 endoplasms
  10 giant cockroaches
  3 goblins
  2 hobgoblins
  3 jackals (Sewer)
  27 kobolds
  A quokka (D:3)
  14 ball pythons
  3 frilled lizards
  2 rats
  A spectral kobold (D:2)
  5 tentacles
928 creatures vanquished.

Vanquished Creatures (others)
  A satyr (Shoals:4)
  A pharaoh ant (Spider:1)
  A skeletal warrior (D:15)
  A sea snake (Shoals:2)
  2 harpies
  A tengu conjurer (D:15)
  A komodo dragon (Lair:2)
  A demonic crawler (Spider:4)
  A tarantella (Spider:1)
  A blink frog (Lair:5)
  2 culicivoras
  A vampire (D:12)
  5 redbacks
  2 centaurs (D:15)
  2 orcs
  An endoplasm (Lair:4)
  A giant cockroach (Lair:2)
  A kobold (D:11)
  25 fungi
  150 plants
  12 tentacles
213 creatures vanquished.

Grand Total: 1141 creatures vanquished

Notes
Turn   | Place    | Note
-------+----------+-------------------------------------------
     0 | D:1      | purpskrrrp the Minotaur Fighter began the quest for the
                  | Orb.
     0 | D:1      | Reached XP level 1. HP: 19/19 MP: 0/0
   269 | D:1      | Reached XP level 2. HP: 27/27 MP: 1/1
   280 | D:1      | Reached skill level 3 in Axes
   680 | D:2      | Found a faded altar of an unknown god.
  1058 | D:2      | Identified the +9 short sword of the Apocalypse {flame,
                  | *Corrode rElec SInv}
  1095 | D:2      | Reached XP level 3. HP: 21/33 MP: 2/2
  1305 | D:3      | Gained mutation: You are strong-willed. (Will+) [potion of
                  | mutation]
  1305 | D:3      | Gained mutation: You are robust. (+10% HP) [potion of
                  | mutation]
  1305 | D:3      | Gained mutation: You are agile. (Dex +4, Str/Int -1)
                  | [potion of mutation]
  1829 | D:3      | Found a runed translucent door.
  1832 | D:3      | Noticed Darkkill's ghost (amateur MiHu)
  1952 | D:3      | Found a sacrificial altar of Ru.
  1980 | D:3      | Found an ancient bone altar of Kikubaaqudgha.
  2238 | D:3      | Became a worshipper of Ru the Awakened
  2486 | D:4      | Reached skill level 4 in Axes
  2488 | D:4      | Reached XP level 4. HP: 36/44 MP: 3/3
  2489 | D:4      | Reached skill level 5 in Armour
  2591 | D:4      | Noticed Sigmund
  2599 | D:4      | Killed Sigmund
  2600 | D:4      | Reached skill level 5 in Axes
  2600 | D:4      | Reached XP level 5. HP: 43/50 MP: 4/4
  2643 | D:4      | Reached XP level 6. HP: 51/57 MP: 5/5
  2661 | D:4      | Noticed an orc warrior
  2682 | D:4      | Killed an orc warrior
  2683 | D:4      | Reached skill level 6 in Axes
  3065 | D:4      | Reached skill level 1 in Dodging
  3065 | D:4      | Reached XP level 7. HP: 24/63 MP: 6/6
  3592 | D:5      | Entered Level 5 of the Dungeon
  3592 | D:5      | Found a hazy altar of Hepliaklqana.
  3601 | D:4      | Reached skill level 7 in Axes
  3923 | D:5      | Reached skill level 8 in Axes
  4160 | D:5      | Reached XP level 8. HP: 71/72 MP: 7/7
  4287 | D:5      | Gained mutation: You occasionally lose the ability to drink
                  | potions when taking damage. [Ru sacrifice]
  4287 | D:5      | Gained mutation: You sometimes lose the ability to drink
                  | potions when taking damage. [Ru sacrifice]
  4287 | D:5      | Reached * piety under Ru
  4295 | D:5      | Found an opulent altar of Gozag.
  4442 | D:5      | Reached skill level 9 in Axes
  5059 | D:6      | Noticed Blork the orc
  5066 | D:6      | Killed Blork the orc
  5257 | D:6      | Reached skill level 10 in Axes
  5444 | D:6      | Found a glowing drain.
  5467 | Sewer    | Entered a sewer
  5473 | Sewer    | Reached skill level 5 in Dodging
  6029 | D:6      | Found a staircase to the Ecumenical Temple.
  6086 | D:6      | Identified the +8 whip "Peshrif" {elec, rF++ rC- rN+}
  6509 | D:7      | Reached skill level 11 in Axes
  6527 | D:7      | Gained mutation: You are hated by all. [Ru sacrifice]
  6527 | D:7      | Reached ** piety under Ru
  6527 | D:7      | Reached *** piety under Ru
  6605 | D:7      | Found a shadowy altar of Dithmenos.
  6762 | D:7      | Reached XP level 9. HP: 78/78 MP: 8/8
  6906 | D:7      | Found a snail-covered altar of Cheibriados.
  7238 | D:8      | Reached skill level 12 in Axes
  8355 | D:9      | Noticed a troll
  8371 | D:9      | Killed a troll
  8650 | D:9      | Found a sparkling altar of Nemelex Xobeh.
  8818 | D:9      | Found a staircase to the Orcish Mines.
  9079 | D:9      | Reached skill level 13 in Axes
  9519 | D:9      | Lost mutation: You are strong-willed. (Will+) [Ru
                  | sacrifice]
  9519 | D:9      | Gained mutation: You are slightly weak-willed. (Will-) [Ru
                  | sacrifice]
  9519 | D:9      | Reached **** piety under Ru
  9519 | D:9      | Reached ***** piety under Ru
  9797 | D:10     | Entered Level 10 of the Dungeon
 10062 | D:10     | Reached XP level 10. HP: 76/84 MP: 9/9
 10207 | D:10     | Found Ifaagil's General Store.
 10239 | D:10     | Reached skill level 14 in Axes
 10382 | D:10     | Reached skill level 5 in Shields
 10384 | D:10     | Reached skill level 5 in Fighting
 10647 | D:10     | Found a staircase to the Lair.
 10711 | D:10     | Found a burning altar of Makhleb.
 10711 | D:10     | Noticed a two-headed ogre
 10716 | D:10     | Killed a two-headed ogre
 11407 | D:11     | Noticed a centaur warrior
 11421 | D:11     | Killed a centaur warrior
 11422 | D:11     | Reached skill level 15 in Axes
 11422 | D:11     | Reached XP level 11. HP: 55/100 MP: 10/10
 12059 | D:11     | Gained mutation: You cannot study or cast Earth magic. [Ru
                  | sacrifice]
 12059 | D:11     | Gained mutation: You cannot study or cast Transmutations
                  | magic. [Ru sacrifice]
 12059 | D:11     | Gained mutation: You cannot study or cast Conjurations
                  | magic. [Ru sacrifice]
 12059 | D:11     | Reached ****** piety under Ru
 12542 | D:12     | Noticed a two-headed ogre
 12555 | D:12     | Killed a two-headed ogre
 12964 | D:12     | Noticed an orc knight
 12993 | D:12     | Killed an orc knight
 12994 | D:12     | Reached skill level 16 in Axes
 13122 | D:12     | Noticed an ogre mage
 13131 | D:12     | Killed an ogre mage
 13409 | D:12     | Noticed a wolf spider
 13417 | D:12     | Killed a wolf spider
 13418 | D:12     | Reached skill level 10 in Armour
 13531 | D:12     | Noticed a two-headed ogre
 13538 | D:12     | Killed a two-headed ogre
 13918 | D:12     | Reached XP level 12. HP: 51/113 MP: 11/11
 14134 | D:12     | Noticed a two-headed ogre
 14144 | D:12     | Killed a two-headed ogre
 14299 | D:13     | Noticed a centaur warrior
 14315 | D:13     | Killed a centaur warrior
 14508 | D:13     | You are sucked into a shaft and drop 1 floor!
 14538 | D:14     | Noticed a tengu warrior
 14546 | D:14     | Noticed a tengu warrior
 14557 | D:14     | Killed a tengu warrior
 14563 | D:14     | Killed a tengu warrior
 14564 | D:14     | Reached skill level 17 in Axes
 15104 | D:13     | Found a portal to a secret trove of treasure.
 15228 | D:13     | Found a gate to the Vaults.
 15228 | D:13     | Noticed a vault guard
 15228 | D:13     | Noticed a vault guard
 15228 | D:13     | Noticed a vault guard
 15228 | D:13     | Noticed a vault guard
 15228 | D:13     | Noticed a vault guard
 15228 | D:13     | Noticed a vault guard
 15228 | D:13     | Noticed a vault guard
 15229 | D:13     | Noticed a vault guard
 15246 | D:13     | Killed a vault guard
 15246 | D:13     | Killed a vault guard
 15246 | D:13     | Killed a vault guard
 15249 | D:13     | Killed a vault guard
 15252 | D:13     | Killed a vault guard
 15262 | D:13     | Killed a vault guard
 15264 | D:13     | Killed a vault guard
 15268 | D:13     | Killed a vault guard
 15676 | D:14     | Noticed a boulder beetle
 15683 | D:14     | Killed a boulder beetle
 15684 | D:14     | Reached skill level 18 in Axes
 15684 | D:14     | Reached skill level 10 in Shields
 15755 | D:14     | Reached skill level 10 in Fighting
 16175 | D:14     | Reached XP level 13. HP: 123/124 MP: 12/12
 16529 | D:15     | Entered Level 15 of the Dungeon
 16640 | D:15     | HP: 5/111 [poisoned by a rakshasa]
 16952 | D:15     | Paralysed by something for 4 turns
 17621 | D:15     | Identified a scroll of acquirement
 17622 | D:15     | Acquired 1124 gold pieces
 17648 | D:15     | Noticed a stone giant
 17666 | D:15     | Killed a stone giant
 17888 | D:15     | Found a staircase to the Depths.
 18076 | D:15     | Paralysed by an ogre mage for 2 turns
 18117 | D:15     | Reached skill level 19 in Axes
 19355 | D:15     | Identified the +8 quarterstaff of Neurosis {freeze, Drain
                  | Str+5 Int+2}
 19575 | Lair:1   | Entered Level 1 of the Lair of Beasts
 19991 | Lair:1   | Reached XP level 14. HP: 136/136 MP: 13/13
 20606 | Lair:2   | Noticed Maggie
 20610 | Lair:2   | Killed Maggie
 20808 | Lair:2   | Found a hole to the Spider Nest.
 20875 | Lair:2   | Noticed Urug
 20900 | Lair:2   | Killed Urug
 21182 | Lair:2   | Found a runed translucent door.
 21235 | Lair:2   | Noticed Amaemon
 21247 | Lair:2   | Killed Amaemon
 21896 | Lair:3   | Found a staircase to the Shoals.
 22331 | Lair:3   | Reached skill level 20 in Axes
 23244 | Lair:4   | Found a staircase to the Slime Pits.
 23425 | Lair:4   | You fall into a shaft and drop 1 floor!
 23425 | Lair:5   | Entered Level 5 of the Lair of Beasts
 23761 | Lair:4   | Found the +0 mask of the Dragon {Will+ Slay+3 SInv}
 25133 | Lair:5   | Identified the +3 sling "Osunaon" {drain, rF+ rCorr Int-5
                  | SInv}
 25734 | Orc:1    | Entered Level 1 of the Orcish Mines
 25988 | Orc:1    | Found Isept's Magic Scroll Emporium.
 25991 | Orc:1    | Bought a scroll of fear for 56 gold pieces
 25991 | Orc:1    | Bought a scroll of blinking for 105 gold pieces
 25991 | Orc:1    | Bought a scroll of enchant armour for 105 gold pieces
 26479 | Orc:2    | Entered Level 2 of the Orcish Mines
 26605 | Orc:2    | Found Ylyusiom's General Store.
 26606 | Orc:2    | Noticed a stone giant
 26620 | Orc:2    | Reached XP level 15. HP: 143/147 MP: 14/14
 26624 | Orc:2    | Found a staircase to the Elven Halls.
 26642 | Orc:2    | Reached skill level 15 in Shields
 26954 | Orc:2    | Found Tarusito's Jewellery Emporium.
 27105 | Orc:2    | Found Upyk's Antique Armour Boutique.
 27574 | Orc:2    | Found Geuricofri's Antique Weapon Shop.
 28166 | Shoals:1 | Entered Level 1 of the Shoals
 28176 | Shoals:1 | Reached skill level 21 in Axes
 28695 | Shoals:1 | Noticed a kraken
 29045 | Shoals:1 | Killed a kraken
 29428 | Shoals:2 | Found Ode Byhi's Distillery.
 29479 | Shoals:2 | Bought a potion of heal wounds for 60 gold pieces
 29479 | Shoals:2 | Bought a potion of curing for 36 gold pieces
 29479 | Shoals:2 | Bought a potion of might for 48 gold pieces
 29479 | Shoals:2 | Bought a potion of might for 48 gold pieces
 30210 | Shoals:2 | Noticed Nikola
 30231 | Shoals:2 | Killed Nikola
 30540 | Shoals:2 | Reached skill level 22 in Axes
 31287 | Shoals:3 | HP: 3/150 [water nymph/the raging water (21)]
 31289 | Shoals:3 | Reached XP level 16. HP: 4/146 MP: 6/15
 32276 | Shoals:3 | Noticed a kraken
 32288 | Shoals:3 | Killed a kraken
 32447 | Shoals:3 | Noticed Bai Suzhen
 32466 | Shoals:3 | Killed Bai Suzhen
 33176 | Shoals:4 | Entered Level 4 of the Shoals
 33640 | Shoals:4 | Reached skill level 23 in Axes
 33680 | Shoals:4 | Reached skill level 10 in Dodging
 34021 | Shoals:4 | Reached skill level 15 in Fighting
 34045 | Shoals:4 | Identified the +7 spear of Anguish {flame, rCorr MP+9 Str+4
                  | Dex-5}
 34177 | Shoals:4 | Noticed a sphinx
 34188 | Shoals:4 | Killed a sphinx
 34333 | Shoals:4 | Got a barnacled rune of Zot
 34380 | Shoals:4 | Identified the +11 dagger "Killer Klown's Curse" {spect,
                  | Int+4}
 34411 | Shoals:4 | Found the +3 robe of Clouds {*Thunder rCloud rElec}
 34662 | Spider:1 | Entered Level 1 of the Spider Nest
 34662 | Spider:1 | Noticed Kirke
 34669 | Spider:1 | Killed Kirke
 35930 | Spider:1 | Reached skill level 24 in Axes
 35934 | Spider:1 | Reached XP level 17. HP: 163/171 MP: 16/16
 37135 | Spider:2 | Acquired the +10 plate armour "Wouzxyzi" {rF+ rN+ Will-
                  | Dex+2}
 37292 | Spider:3 | Noticed Jorgrun
 37604 | Spider:3 | Killed Jorgrun
 38309 | Spider:4 | Entered Level 4 of the Spider Nest
 39005 | Spider:4 | Reached skill level 25 in Axes
 39039 | Spider:4 | HP: 2/166 [meliai/divine providence (12)]
 39041 | Spider:4 | Mangled by an emperor scorpion

Illustrated notes

Levels and vault maps discovered:
D:1:      saegor_arrival_miasma, layout_loops_cross
D:2:      layout_basic, dreamdust_ecumenical_altar_drowned_temple,
          minmay_crystal_water
D:3:      layout_loops_ring, mainiacjoe_overflow_two_lobes,
          ebering_ghost_reflecting_pool, chequers_jeans, nicolae_titane
D:4:      layout_loops_ring, uniq_sigmund
D:5:      layout_basic, nicolae_gozag_seed_capital,
          nicolae_hepliaklqana_hazy_memory, corexii_hall_statues_deadend
D:6:      layout_basic, minmay_temple_entry_purple_smoke, gup_sewer_entry_glass,
          uniq_blork_the_orc
D:7:      layout_rooms, nicolae_dithmenos_shadow_blocks, slow_altar_2
D:8:      layout_basic
D:9:      layout_basic, mainiacjoe_overflow_alcove_1,
          minmay_orc_entry_temple_small, serial_co_window_serial,
          co_window_of_opportunity_a, co_window_corner_a, co_window_cross_1,
          co_window_of_opportunity_a, co_window_cross_1, co_window_2corner,
          co_window_broadway_b, co_window_broadway_a, glass_columns_c,
          glass_columns_a, glass_columns_c, glass_columns_a, glass_columns_a,
          minmay_microvault
D:10:     layout_gridville, lightli_temple_of_fire, erik_lair_island,
          serial_shops, shop_fountains, nicolae_concentric_dashed_squares_wild
D:11:     layout_gridville, grunt_decor_fettered, minmay_misc_feat_pillars,
          dreamdust_princess_corridor
D:12:     layout_irregular_city, wad_mini_maze
D:13:     cheibrodos_quadrivalence, layout_long_grid, erik_vaults_2,
          nicolae_trove_entry_isolated, kennysheep_cross_bottleneck
D:14:     layout_roguey, minmay_tree_intersection
D:15:     grunt_enter_depths_snipers, layout_cave_pods, hex_tiny,
          roderic_lattice_a, fedhas_altar_2
Lair:1:   layout_chaotic_city
Lair:2:   dreamdust_labyrinth, layout_misc_corridors,
          nicolae_spider_entry_non_spiders, special_room [special_room_bee],
          uniq_amaemon, uniq_urug, uniq_maggie
Lair:3:   layout_cave_pods, shoals_dummy_entry, minivault_24,
          serial_bayou_shore_a
Lair:4:   layout_regular_city, nicolae_slime_entry_slimehenge, minivault_25,
          disabler_island
Lair:5:   gammafunk_lair_ancient_temple, layout_gridlike
Shoals:1: layout_shoals
Shoals:2: layout_shoals, serial_shops, shop, uniq_nikola
Shoals:3: layout_shoals, nicolae_shoals_water_shrine, uniq_bai_suzhen
Shoals:4: shoals_end_hellmonk_lost_city
Spider:1: layout_spider_delve, uniq_kirke
Spider:2: layout_spider_delve
Spider:3: layout_spider_delve, uniq_jorgrun
Spider:4: grunt_spider_rune_island
Orc:1:    layout_caves, serial_shops, nicolae_shop_window_shopping,
          hangedman_minor_magic
Orc:2:    grunt_orc_gardens, layout_caves, grunt_orc_garden, grunt_orc_garden,
          grunt_orc_garden, grunt_orc_garden, basic_altar

Skill      XL: |  1  2  3  4  5  6  7  8  9 10 11 12 13 14 15 16 17 |
---------------+----------------------------------------------------+-----
Armour         | 4 6 7 8 10 11 12 13 14 | 14.3
Axes           | 3 4 5 6 8 11 13 15 16 18 19 20 22 24 25 | 25.1
Dodging        | 1 3 5 7 8 11 12 | 12.3
Fighting       | 4 6 8 10 11 12 14 15 16 | 16.6
Shields        | 4 6 8 10 12 14 15 | 15.7

Action                   |  1- 3 |  4- 6 |  7- 9 | 10-12 | 13-15 | 16-18 || total
-------------------------+-------+-------+-------+-------+-------+-------++-------
Melee: War axe           |    84 |    46 |   372 |   392 |       |       ||   894
       Headbutt          |    12 |    11 |    54 |   107 |   305 |   179 ||   668
       Broad axe         |       |       |       |    41 |  1211 |   771 ||  2023
       Whip              |       |       |       |       |     3 |       ||     3
Throw: Throwing net      |       |     1 |       |       |     4 |     3 ||     8
       Javelin           |       |       |       |       |       |     9 ||     9
       Boomerang         |       |       |       |       |       |     3 ||     3
Invok: Sacrifice Drink   |       |       |     1 |       |       |       ||     1
       Sacrifice Love    |       |       |     1 |       |       |       ||     1
       Draw Out Power    |       |       |     1 |       |       |       ||     1
       Sacrifice Essence |       |       |     1 |       |       |       ||     1
       Power Leap        |       |       |       |     5 |     6 |     2 ||    13
       Sacrifice Arcana  |       |       |       |     1 |       |       ||     1
       Apocalypse        |       |       |       |     1 |     3 |     3 ||     7
Evoke: Wand              |       |       |     7 |       |     6 |    11 ||    24
  Use: Scroll            |    10 |     1 |    10 |     4 |    12 |    12 ||    49
       Potion            |     1 |     3 |       |       |     1 |     2 ||     7
 Stab: Paralysed         |       |       |     5 |     6 |    11 |     4 ||    26
       Invisible         |       |       |     3 |     5 |    11 |     3 ||    22
       Distracted        |       |       |     1 |     2 |    14 |     6 ||    23
       Held in net/web   |       |       |       |       |     1 |       ||     1
Armor: Scale mail        |    28 |       |       |       |       |       ||    28
       Chain mail        |     3 |    18 |   184 |   165 |   368 |    52 ||   790
       Storm dragon scal |       |       |       |       |       |   167 ||   167
       Plate armour      |       |       |       |       |       |    78 ||    78
Dodge: Dodged            |    34 |    10 |   130 |   161 |   406 |   282 ||  1023
Block: Buckler           |    23 |     7 |    93 |    79 |       |       ||   202
       Kite shield       |       |       |       |    23 |   656 |   601 ||  1280

Table legend: (Time is in decaauts)
 A = Elapsed time spent in this place.
 B = Non-inter-level travel time spent in this place.
 C = Inter-level travel time spent in this place.
 D = Time resting spent in this place.
 E = Time spent auto-exploring this place.
 F = Levels seen in this place.
 G = Mean time per level.
                   A        B        C        D        E       F      G
               +--------+--------+--------+--------+--------+-----+--------+
         Total |  38982 |  36060 |   2922 |   7727 |  21094 |  31 | 1257.5 |
       Dungeon |  19473 |  17703 |   1770 |   3342 |  11492 |  15 | 1298.2 |
          Lair |   5974 |   5421 |    553 |    297 |   3978 |   5 | 1194.8 |
        Shoals |   6644 |   6334 |    310 |   1913 |   2532 |   4 | 1661.0 |
   Spider Nest |   4290 |   4099 |    191 |   1477 |   1781 |   4 | 1072.5 |
  Orcish Mines |   2114 |   2018 |     96 |    698 |    943 |   2 | 1057.0 |
         Sewer |    483 |    483 |      0 |      0 |    368 |   1 |  483.0 |
               +--------+--------+--------+--------+--------+-----+--------+

Top non-repeatable levels by time:
    D:15: 2447 daAuts
Shoals:2: 2245 daAuts
Shoals:3: 1981 daAuts
Spider:1: 1922 daAuts
    D:12: 1829 daAuts
  Lair:5: 1606 daAuts
    D:14: 1597 daAuts
    D:10: 1545 daAuts
     D:8: 1497 daAuts
     D:9: 1385 daAuts
    D:11: 1380 daAuts
Shoals:1: 1347 daAuts
     D:5: 1340 daAuts
  Lair:2: 1317 daAuts
    D:13: 1269 daAuts
